 Dungeon Crawl Stone Soup version 0.30-a0-860-g512cf1e979 (webtiles) character file.

Game seed: 10215305054053225099

156117 cheesebisquit the Impaler (level 17, -1/131 HPs)
             Began as a Merfolk Ice Elementalist on Mar 7, 2023.
             Was the Champion of Qazlal.
             Slain by an entropy weaver (21 damage)
             ... on level 3 of the Spider Nest on Mar 8, 2023.
             The game lasted 03:08:59 (39586 turns).

cheesebisquit the Impaler (MfIE)                   Turns: 39586, Time: 03:09:01

Health: -1/131     AC: -6    Str: 10 (12) XL:     17   Next: 66%
Magic:  21/33      EV: 16    Int: 16 (17) God:    Qazlal [******]
Gold:   1833       SH: 21    Dex: 14 (16) Spells: 19/41 levels left

rFire   . . .      SeeInvis +    y - +5 spear (chaos)
rCold   + . .      Faith    .    u - +2 kite shield {rC+}
rNeg    . . .      Spirit   .    Y - +3 troll leather armour {Snorg}
rPois   .          Reflect  .    Z - +1 helmet
rElec   .          Rampage  .    t - +1 cloak
rCorr   .                        X - +2 pair of gloves
Will    +....                    B - +1 pair of boots
Stlth   +                        D - amulet of regeneration
HPRegen 2.01/turn                E - ring of wizardry
MPRegen 0.23/turn                o - ring of see invisible

@: protected from physical damage, corroded, repel missiles
A: (nimble swimmer 2), mertail
a: Renounce Religion, Upheaval, Elemental Force, Disaster Area


You were on level 3 of the Spider Nest.
You worshipped Qazlal.
Qazlal was exalted by your worship.
You visited 5 branches of the dungeon, and saw 27 of its levels.
You also visited: Ice Cave.

You collected 2654 gold pieces.
You spent 821 gold pieces at shops.

Inventory:

Hand Weapons
 y - a +5 spear of chaos (weapon)
 N - a +4 halberd of protection
Missiles
 f - 27 poisoned darts
 l - 9 boomerangs
 I - 5 javelins
 R - 3 silver boomerangs
 T - 2 throwing nets
 U - 6 atropa-tipped darts
Armour
 t - a +1 cloak (worn)
 u - a +2 kite shield of cold resistance (worn)
 B - a +1 pair of boots (worn)
 X - a +2 pair of gloves (worn)
 Y - a +3 troll leather armour (worn) {Snorg}
 Z - a +1 helmet (worn)
Jewellery
 g - a ring of poison resistance
 h - a ring of flight
 o - a ring of see invisible (right hand)
 C - the ring "Wechyeg" {Fly rCorr}
   (You found it on level 5 of the Dungeon)

   [ring of flight]

   Fly:       It grants you flight.
   rCorr:     It protects you from acid and corrosion.
 D - an amulet of regeneration (around neck)
 E - a ring of wizardry (left hand)
 M - a ring of protection from cold
Wands
 c - a wand of flame (5) (quivered)
 G - a wand of iceblast (16)
 J - a wand of charming (11)
 S - a wand of light (6)
 V - a wand of digging (9)
 W - a wand of polymorph (23)
Scrolls
 b - 3 scrolls of fear
 d - 13 scrolls of teleportation
 e - a scroll of fog
 i - 3 scrolls of silence
 m - a scroll of blinking
 q - 2 scrolls of identify
 v - 4 scrolls of immolation
 w - 2 scrolls of poison
 x - 2 scrolls of vulnerability
 K - a scroll of magic mapping
 O - a scroll of summoning
Potions
 a - a potion of might
 j - a potion of berserk rage
 k - 6 potions of attraction
 n - a potion of cancellation
 p - 13 potions of curing
 r - a potion of magic
 s - 4 potions of mutation
 z - a potion of brilliance
 A - 2 potions of haste
 H - 5 potions of flight
 L - 2 potions of ambrosia
 P - 3 potions of lignification


   Skills:
 + Level 11.3 Fighting
 - Level 16.0 Polearms
 + Level 6.6 Armour
 + Level 13.7 Dodging
 - Level 2.1 Stealth
 + Level 10.1 Shields
 + Level 12.9 Spellcasting
 + Level 15.6 Ice Magic
 + Level 11.4 Invocations


You had 19 spell levels left.
You knew the following spells:

 Your Spells              Type           Power      Damage    Failure   Level
a - Freeze                Ice            100%       1d10      1%          1
b - Freezing Cloud        Conj/Ice/Air   13%        6-21      26%         5
c - Summon Ice Beast      Ice/Summ       35%        N/A       3%          4
d - Simulacrum            Ice/Necr       17%        N/A       43%         6
x - Ozocubu's Armour      Ice            57%        N/A       1%          3
z - Frozen Ramparts       Ice            100%       1d16      1%          3

Your spell library contained the following spells:

 Spells                   Type           Power      Damage    Failure   Level
 Necrotise                Necr           40%        1d6       9%          1
 Blink                    Tloc           20%        N/A       12%         2
 Cigotuvi's Dreadful Rot  Necr/Pois/Air  20%        N/A       12%         2
 Lesser Beckoning         Tloc           20%        N/A       12%         2
 Momentum Strike          Conj/Tloc      20%        3d8       12%         2
 Sublimation of Blood     Necr           10%        N/A       12%         2
 Dazzling Flash           Conj/Hex       20%        N/A       24%         3
 Inner Flame              Hex/Fire       10%        N/A       24%         3
 Kindle Blastsparks       Fire/Tloc/Air  20%        2d11      24%         3
 Tukima's Dance           Hex            10%        N/A       24%         3
 Anguish                  Hex/Necr       5%         N/A       58%         4
 Animate Dead             Necr           10%        N/A       58%         4
 Fulminant Prism          Conj/Hex       5%         3d7       58%         4
 Iskenderun's Mystic Bla  Conj/Tloc      10%        2d4       58%         4
 Passage of Golubria      Tloc           10%        N/A       58%         4
 Sticky Flame             Conj/Fire      10%        2d3       58%         4
 Lee's Rapid Deconstruct  Erth           5%         3d6*      89%         5
 Summon Mana Viper        Hex/Summ       10%        N/A       89%         5
 Yara's Violent Unravell  Hex/Tmut       5%         3d4       89%         5
 Death Channel            Necr           5%         N/A       100%        6
 Starburst                Conj/Fire      5%         6d4       100%        6
 Enfeeble                 Hex            5%         N/A       100%        7
 Haunt                    Necr/Summ      5%         N/A       100%        7
 Monstrous Menagerie      Summ           5%         N/A       100%        7


Dungeon Overview and Level Annotations

Branches:
Dungeon (15/15)            Temple (1/1) D:5            Lair (5/5) D:8
  Swamp (0/4) Lair:3       Spider (4/4) Lair:3        Slime (0/5) Lair:5
    Orc (2/2) D:12            Elf (0/3) Orc:2        Vaults (0/5) D:13
 Depths (0/4) D:15          IceCv (visited)

Altars:
Ashenzari
Cheibriados
Dithmenos
Elyvilon
Fedhas
Gozag
Hepliaklqana
Kikubaaqudgha
Makhleb
Nemelex Xobeh
Okawaru
Qazlal
Ru
Sif Muna
Trog
Uskayaw
Vehumet
Wu Jian
Xom
Yredelemnul
Zin
The Shining One

Shops:
D:1 !   D:6 (   Orc:2 *(([

Portals:
Trove: D:15 (give 6 potions of haste)


Innate Abilities, Weirdness & Mutations

((You are very nimble when in or above water. (Stealth+, EV+, Speed+++)))
Your lower body shifts to a powerful aquatic tail in water.


Message History

The entropy weaver is severely wounded.
You block the entropy weaver's attack. The entropy weaver barely misses you.
The entropy weaver hits you!
* * * LOW HITPOINT WARNING * * *
You block the entropy weaver's attack.
Your ice beast hits the entropy weaver but does no damage.
You hit the entropy weaver but do no damage.
The entropy weaver is severely wounded.
The entropy weaver points at you and mumbles some strange words.
The entropic weave corrodes you! You block the entropy weaver's attack.
The entropy weaver completely misses you.
You block the entropy weaver's attack. The entropy weaver hits you.
* * * LOW HITPOINT WARNING * * *
You hit the entropy weaver but do no damage.
The entropy weaver is severely wounded.
Your ice beast barely misses the entropy weaver.
You block the entropy weaver's attack. The entropy weaver hits you.
* * * LOW HITPOINT WARNING * * *
You block the entropy weaver's attack. The entropy weaver hits you.
* * * LOW HITPOINT WARNING * * *
You feel protected from physical attacks.
You feel better. The entropy weaver barely misses you.
You block the entropy weaver's attack. The entropy weaver hits you!
* * * LOW HITPOINT WARNING * * *
The entropy weaver hits you.
* * * LOW HITPOINT WARNING * * *
Your ice beast barely misses the entropy weaver.
Blink to where?
Press: ? - help, Dir - move target Your icy armour will break if you move.
Continue?
Your icy armour cracks and falls away as you move.
As you read the scroll of blinking, it crumbles to dust.
As you read the scroll of fog, it crumbles to dust.
The scroll dissolves into smoke.
The entropy weaver gestures at you while chanting.
The entropic weave corrodes you!
The entropy weaver attacks as you move away!
The entropy weaver completely misses you.
The entropy weaver hits you!!
You die...

......Y..###^# #.#
.......B.##§## #.#
...........§§## ##.##
.........#.§§§## ###...#
.........#.§##§####.....#
.........#..###§§§......#
#.......##..# ##§§.....^##
##......##..###§B......#.#
###.....^#..##.#@.°.)..###
#...#####...#.##.......#
##..#####....##.☼......#
##...#.......##........#
##.#..................##
#.##†...##....#######.#
#.##.†..##..#..### ##.#
#.###...#...###..###.##
##.###...#...####....###


You could see an entropy weaver (fast, strong, poisoned).

Vanquished Creatures
  Jorgrun (D:12)
  4 ghost moths
  An emperor scorpion (Spider:3)
  3 broodmothers
  A white draconian (IceCv)
  Nessos (D:15)
  4 dire elephants (Lair:5)
  6 spark wasps
  6 entropy weavers
  Snorg (D:12)
  A fire dragon (D:15)
  The ghost of Selderis the Fighter, a journeyman GrFi of the Shining One (D:9)
  3 vault guards (D:13)
  A hydra (D:12)
  An ice dragon (D:15)
  A jorogumo (Spider:3)
  5 centaur warriors
  3 boulder beetles
  2 radroaches (Spider:3)
  5 ogre magi
  A catoblepas (Lair:5)
  2 death yaks (Lair:5)
  16 two-headed ogres
  The ghost of BubbleThief the Fighter, a novice DsNe of Kikubaaqudgha (D:9)
  2 tengu warriors
  2 skysharks (Lair:2)
  2 sun moths
  4 pharaoh ants
  A spectral death yak (Lair:5)
  7 orb spiders
  A spectral anaconda (Lair:5)
  5 skeletal warriors (D:15)
  2 bog bodies (Lair:3)
  An obsidian statue (Lair:5)
  A lindwurm (Lair:5)
  A wizard (D:13)
  9 steelbarb worms
  4 necromancers (Lair:5)
  4 orc knights
  12 wolf spiders
  A wolf spider (shapeshifter) (Spider:2)
  2 deep elf pyromancers
  5 moths of wrath
  18 ugly things
  An orc sorcerer (Orc:2)
  6 cyclopes
  2 manticores
  15 elephants
  2 ice statues (IceCv)
  A black mamba (Lair:2)
  2 dire elephant zombies (Lair:5)
  5 demonic crawlers
  11 cane toads
  A torpor snail (Spider:1)
  A gargoyle (D:13)
  2 yaktaurs (D:13)
  An unseen horror (D:10)
  An efreet (D:14)
  4 rime drakes (IceCv)
  5 komodo dragons
  2 tengu conjurers
  5 meliai
  A troll (D:15)
  A polar bear (Lair:2)
  A polar bear (shapeshifter) (D:10)
  13 tarantellas
  A dream sheep (shapeshifter) (D:10)
  7 blink frogs
  A blink frog (shapeshifter) (D:13)
  7 slime creatures
  A centaur simulacrum (D:15)
  18 jumping spiders
  4 wraiths
  A vampire (D:11)
  2 basilisks
  14 culicivoras
  An unseen horror simulacrum (D:10)
  54 yaks
  2 wyverns
  A warg (Orc:1)
  30 redbacks
  4 vampire mosquitoes (D:12)
  A spectral cane toad (Lair:5)
  12 water moccasins
  2 acid dragons
  3 ice beasts
  16 orc warriors
  5 black bears
  3 sky beasts
  13 wolves
  25 ogres
  21 centaurs
  A phantom (D:7)
  A nameless horror (D:14)
  13 bullfrogs
  4 kobold brigands
  A gnoll sergeant (D:9)
  3 scorpions
  17 wights
  4 elephant simulacra (Lair:5)
  A killer bee (D:7)
  3 lindwurm simulacra (IceCv)
  2 electric eels
  3 howler monkeys
  5 komodo dragon simulacra (IceCv)
  A jelly (D:6)
  5 hounds
  A gnoll bouda (D:6)
  8 orc priests
  A sleepcap (D:3)
  3 iguanas
  21 orc wizards
  Natasha (thrice) (D:4)
  14 gnolls
  7 acid dragon simulacra (IceCv)
  3 adders
  3 shadow imps
  2 white imps
  4 steam dragon simulacra (IceCv)
  An ufetubus (D:6)
  A worm (D:2)
  A dart slug (D:3)
  85 orcs
  3 ball pythons
  3 endoplasms
  3 giant cockroaches
  10 hobgoblins
  3 jackals
  4 quokkas
  2 bats
  2 frilled lizards
  4 goblins
  20 kobolds
  2 rats (D:3)
765 creatures vanquished.

Vanquished Creatures (collateral kills)
  A stone giant (D:10)
  A hydra (D:14)
  A vault guard (D:13)
  5 two-headed ogres
  A boulder beetle (D:10)
  An orb spider (Spider:2)
  2 steelbarb worms
  An orc knight (Orc:1)
  A cyclops (D:11)
  A manticore (D:12)
  An elephant (Lair:5)
  A slime creature (D:12)
  A demonic crawler (Spider:3)
  A torpor snail (Spider:2)
  A cane toad (Lair:1)
  2 komodo dragons
  3 trolls
  A meliai (Spider:3)
  3 tarantellas
  2 blink frogs (Lair:3)
  2 jumping spiders
  6 yaks
  A wyvern (Lair:1)
  3 redbacks
  A water moccasin (Lair:1)
  3 orc warriors
  A black bear (Lair:4)
  5 ogres
  2 wolves (Lair:2)
  2 bullfrogs
  A gnoll sergeant (D:10)
  A wight (D:7)
  An elephant simulacrum (Lair:5)
  3 killer bees (D:7)
  3 orc priests
  3 orc wizards
  A gnoll (D:9)
  2 steam dragon simulacra (IceCv)
  10 orcs
82 creatures vanquished.

Vanquished Creatures (others)
  An orc (Orc:2)
  A bush (Lair:5)
  9 fungi
  14 plants
  21 withered plants (Lair:5)
46 creatures vanquished.

Grand Total: 893 creatures vanquished

Notes
Turn   | Place    | Note
-------+----------+-------------------------------------------
     0 | D:1      | cheesebisquit the Merfolk Ice Elementalist began the quest
                  | for the Orb.
     0 | D:1      | Reached XP level 1. HP: 13/13 MP: 3/3
   233 | D:1      | You fall into a shaft and drop 1 floor!
   264 | D:2      | Reached XP level 2. HP: 5/19 MP: 0/5
   656 | D:1      | Found Jusuoq's Distillery.
  1267 | D:2      | Reached XP level 3. HP: 24/24 MP: 4/6
  1323 | D:2      | Learned a level 3 spell: Frozen Ramparts
  1510 | D:2      | Reached skill level 5 in Ice Magic
  2201 | D:3      | Reached XP level 4. HP: 30/30 MP: 2/8
  2483 | D:3      | Reached XP level 5. HP: 30/35 MP: 5/10
  3210 | D:4      | Noticed a black bear
  3218 | D:4      | Killed a black bear
  3219 | D:4      | Reached skill level 1 in Polearms
  3219 | D:4      | Reached XP level 6. HP: 41/41 MP: 6/12
  3444 | D:4      | Learned a level 3 spell: Ozocubu's Armour
  3449 | D:4      | Learned a level 4 spell: Summon Ice Beast
  3471 | D:4      | Noticed Natasha
  3479 | D:4      | Killed Natasha
  3480 | D:4      | Reached skill level 2 in Polearms
  3579 | D:4      | Found a shadowy altar of Dithmenos.
  3580 | D:4      | Found a snail-covered altar of Cheibriados.
  3580 | D:4      | Noticed Natasha
  3582 | D:4      | Found a glowing golden altar of the Shining One.
  3583 | D:4      | Found an ancient bone altar of Kikubaaqudgha.
  3585 | D:4      | Killed Natasha
  3805 | D:4      | Found a blossoming altar of Fedhas.
  3807 | D:4      | Found a hazy altar of Hepliaklqana.
  4361 | D:4      | Noticed Natasha
  4369 | D:4      | Killed Natasha
  4496 | D:5      | Entered Level 5 of the Dungeon
  4519 | D:5      | Reached skill level 3 in Polearms
  4519 | D:5      | Reached XP level 7. HP: 46/46 MP: 7/13
  4959 | D:5      | Found a staircase to the Ecumenical Temple.
  4984 | Temple   | Entered the Ecumenical Temple
  5214 | Temple   | Became a worshipper of Qazlal Stormbringer
  5478 | D:5      | Reached skill level 4 in Polearms
  5478 | D:5      | Reached skill level 5 in Spellcasting
  5501 | D:5      | Identified the ring "Wechyeg" {Fly rCorr}
  5663 | D:5      | Reached XP level 8. HP: 39/52 MP: 6/16
  6124 | D:6      | Reached skill level 5 in Polearms
  6383 | D:6      | Found Nioshryac's Weapon Emporium.
  6446 | D:6      | Reached skill level 6 in Polearms
  6830 | D:6      | Reached * piety under Qazlal
  6970 | D:6      | Reached skill level 7 in Polearms
  6970 | D:6      | Reached XP level 9. HP: 53/57 MP: 11/18
  7644 | D:6      | Identified the +5 battleaxe of Veywujoek {antimagic, *Slow
                  | Dex+5}
  7769 | D:6      | Reached skill level 8 in Polearms
  7929 | D:7      | Found an ornate altar of the Wu Jian Council.
  8830 | D:7      | Reached skill level 9 in Polearms
  9098 | D:7      | Reached skill level 10 in Ice Magic
  9106 | D:7      | Reached XP level 10. HP: 63/63 MP: 9/21
  9144 | D:7      | Reached ** piety under Qazlal
 10335 | D:7      | Found an ornate altar of the Wu Jian Council.
 10453 | D:8      | Reached skill level 10 in Polearms
 10834 | D:8      | Found a staircase to the Lair.
 11475 | D:9      | Noticed a two-headed ogre
 11486 | D:9      | Killed a two-headed ogre
 11583 | D:9      | Reached skill level 11 in Polearms
 11836 | D:9      | Reached skill level 1 in Fighting
 11836 | D:9      | Reached skill level 1 in Invocations
 12186 | D:9      | Reached XP level 11. HP: 70/72 MP: 13/24
 12190 | D:9      | Reached *** piety under Qazlal
 12311 | D:9      | Found a runed translucent gate.
 12312 | D:9      | Found a runed translucent gate.
 12312 | D:9      | Found a runed translucent gate.
 12316 | D:9      | Noticed Selderis's ghost (journeyman GrFi)
 12316 | D:9      | Noticed BubbleThief's ghost (novice DsNe)
 12528 | D:10     | Entered Level 10 of the Dungeon
 13027 | D:10     | Found a runed translucent door.
 13265 | D:10     | Identified the +10 dagger "Luphusm" {flame, Fly Int-5
                  | Dex+2}
 13447 | D:10     | Noticed a deep elf pyromancer
 13451 | D:10     | Killed a deep elf pyromancer
 13452 | D:10     | Reached skill level 5 in Dodging
 13501 | D:10     | Noticed a stone giant
 13501 | D:10     | Noticed a boulder beetle
 13508 | D:10     | Killed a stone giant
 13519 | D:10     | Killed a boulder beetle
 13652 | D:10     | Got Anasel's Compilation of Bodies
 13654 | D:10     | Got the Handbook of the Tropics
 13693 | D:11     | Noticed a cyclops
 13703 | D:11     | Killed a cyclops
 13832 | D:11     | Noticed a two-headed ogre
 13838 | D:11     | Killed a two-headed ogre
 13839 | D:11     | Reached skill level 12 in Polearms
 14131 | D:11     | Reached XP level 12. HP: 84/84 MP: 16/25
 14578 | D:11     | Reached skill level 5 in Fighting
 14589 | D:11     | Reached **** piety under Qazlal
 14590 | D:11     | Reached skill level 5 in Invocations
 15055 | D:12     | Noticed Snorg
 15062 | D:12     | Killed Snorg
 15063 | D:12     | Reached skill level 10 in Spellcasting
 15116 | D:12     | Noticed a centaur warrior
 15124 | D:12     | Killed a centaur warrior
 15297 | D:12     | Found a staircase to the Orcish Mines.
 15454 | D:12     | Noticed a two-headed ogre
 15463 | D:12     | Killed a two-headed ogre
 15532 | D:12     | Noticed a two-headed ogre
 15541 | D:12     | Killed a two-headed ogre
 15638 | D:12     | Noticed Jorgrun
 15743 | D:12     | Killed Jorgrun
 15744 | D:12     | Reached skill level 13 in Polearms
 15849 | D:12     | Reached ***** piety under Qazlal
 16361 | D:12     | Reached XP level 13. HP: 94/94 MP: 17/27
 16550 | D:12     | Reached skill level 1 in Armour
 17238 | D:5      | Found a staircase to the Ecumenical Temple.
 17775 | D:1      | Bought a potion of curing for 42 gold pieces
 17775 | D:1      | Bought a potion of mutation for 112 gold pieces
 17775 | D:1      | Bought a potion of flight for 42 gold pieces
 17775 | D:1      | Bought a potion of curing for 42 gold pieces
 17775 | D:1      | Bought a potion of brilliance for 56 gold pieces
 17775 | D:1      | Bought 2 potions of curing for 84 gold pieces
 17775 | D:1      | Bought 2 potions of ambrosia for 224 gold pieces
 17999 | D:9      | Killed Selderis's ghost
 18015 | D:9      | Killed BubbleThief's ghost
 18150 | Lair:1   | Entered Level 1 of the Lair of Beasts
 18394 | Lair:1   | Reached skill level 14 in Polearms
 19838 | Lair:2   | Found a frozen archway.
 19860 | IceCv    | Entered an ice cave
 20263 | IceCv    | Identified the +1 plate armour "Ukkyher" {rPois Str+2}
 20491 | IceCv    | Noticed a white draconian
 20508 | IceCv    | Killed a white draconian
 20774 | IceCv    | Got Seut's Parchment of the Snowflakes
 20784 | IceCv    | Identified the amulet of Dehuituo {Faith rPois rN+ Regen+
                  | Slay-3}
 21578 | Lair:3   | Reached skill level 15 in Polearms
 21599 | Lair:3   | Reached XP level 14. HP: 104/104 MP: 20/28
 21743 | Lair:2   | Learned a level 5 spell: Freezing Cloud
 22113 | Lair:3   | Identified the +4 war axe of the Jester {freeze, rC+ SInv}
 22406 | Lair:3   | Reached ****** piety under Qazlal
 22486 | Lair:3   | Found a hole to the Spider Nest.
 22679 | Lair:3   | Found a staircase to the Swamp.
 23052 | Lair:4   | Found a snail-covered altar of Cheibriados.
 23124 | Lair:4   | Reached skill level 10 in Dodging
 24551 | Lair:5   | Entered Level 5 of the Lair of Beasts
 24572 | Lair:5   | Reached skill level 1 in Shields
 24792 | Lair:5   | Found a staircase to the Slime Pits.
 25014 | Lair:5   | Reached skill level 5 in Shields
 25286 | Lair:5   | Noticed a dire elephant
 25287 | Lair:5   | Noticed a dire elephant
 25287 | Lair:5   | Noticed a dire elephant
 25287 | Lair:5   | Noticed a dire elephant
 25332 | Lair:5   | Killed a dire elephant
 25354 | Lair:5   | Killed a dire elephant
 25408 | Lair:5   | Killed a dire elephant
 25804 | Lair:5   | Killed a dire elephant
 26706 | Lair:5   | Got Kikubaaqudgh's Spellbook of Ectoplasm
 26714 | Lair:5   | Learned a level 6 spell: Simulacrum
 26925 | Orc:1    | Entered Level 1 of the Orcish Mines
 26958 | Orc:1    | Reached XP level 15. HP: 99/111 MP: 8/30
 27266 | Orc:2    | Entered Level 2 of the Orcish Mines
 27789 | Orc:2    | Reached skill level 16 in Polearms
 27979 | Orc:2    | Paralysed by an ogre mage for 5 turns
 28273 | Orc:2    | Found a staircase to the Elven Halls.
 28496 | Orc:2    | Found Neevvoit's Antique Weapon Shoppe.
 28496 | Orc:2    | Found Ytriem's Antique Armour Boutique.
 28496 | Orc:2    | Found Holuosm's General Store.
 28496 | Orc:2    | Found Asicliyl's Antique Weapon Shoppe.
 28504 | Orc:2    | Bought a potion of heal wounds for 90 gold pieces
 28504 | Orc:2    | Bought a wand of flame (6) for 75 gold pieces
 28504 | Orc:2    | Bought a scroll of teleportation for 54 gold pieces
 29523 | D:13     | Found a gate to the Vaults.
 30524 | D:14     | Reached XP level 16. HP: 99/120 MP: 10/31
 31076 | D:15     | Entered Level 15 of the Dungeon
 31080 | D:15     | Noticed Nessos
 31162 | D:14     | Reached skill level 5 in Armour
 31367 | D:15     | Killed Nessos
 31569 | D:15     | Found a portal to a secret trove of treasure.
 31708 | D:15     | Reached skill level 10 in Invocations
 32006 | D:15     | Reached skill level 10 in Fighting
 32273 | D:15     | Found a staircase to the Depths.
 33030 | Spider:1 | Entered Level 1 of the Spider Nest
 34209 | Spider:2 | Reached skill level 15 in Ice Magic
 35139 | Spider:2 | Identified the +11 chain mail of the Planets {-Tele rPois
                  | rC++ Stlth+}
 36910 | Spider:3 | Reached XP level 17. HP: 129/129 MP: 24/33
 38797 | Spider:4 | Entered Level 4 of the Spider Nest
 38927 | Spider:4 | Reached skill level 10 in Shields
 39578 | Spider:3 | HP: 6/131 [entropy weaver (4)]
 39586 | Spider:3 | Slain by an entropy weaver

Illustrated notes

Levels and vault maps discovered:
D:1:      shiori_arrival_maze, layout_loops_corners, serial_shops,
          nicolae_shop_temple_entry_statues_fountains,
          nicolae_figureground_sparkle
D:2:      layout_loops_ring, kennysheep_boxes
D:3:      layout_loops_ring, chequers_serial_rivers_marsh,
          reono_crystal_passage, st_stairs_9, minmay_tree_intersection,
          hangedman_glass_teeth, corexii_hall_statues_t
D:4:      layout_basic, grunt_temple_overflow_open, uniq_natasha
D:5:      layout_loops_ring, minmay_temple_entry_large_hall
D:6:      layout_basic, serial_shops, nicolae_shop_bloodbath_and_beyond,
          minmay_three_doors
D:7:      minmay_recursive_quarters, layout_basic, nzn_wu_jian_contemplation
D:8:      layout_gridville, david_lair_shrubbed
D:9:      layout_cave_pools, gammafunk_ghost_cemetery, serial_column_ruins,
          column_ruins_grid_1, column_ruins_grid_2,
          column_ruins_corridor_straight, column_ruins_corridor_T,
          column_ruins_grid_3
D:10:     layout_big_octagon, roderic_lattice_a, minivault_4, minivault_13
D:11:     layout_roguey, gauntlet_entry_generic
D:12:     layout_stronghold, hiddenorc2_lemuel, uniq_snorg, uniq_jorgrun
D:13:     kennysheep_big_flooded_room, layout_basic,
          grunt_vaults_entry_fortified
D:14:     layout_loops_cross, serial_rivers, chequers_serial_rivers_room_a,
          chequers_serial_rivers_micro_a, chequers_serial_rivers_micro_a,
          chequers_serial_rivers_small_3, chequers_serial_rivers_micro_b,
          chequers_garden
D:15:     grunt_enter_depths_hoard, layout_basic, nicolae_trove_entry_crossroad,
          minivault_27, uniq_nessos
Temple:   hellmonk_temple_of_storms
Lair:1:   layout_regular_city, st_stairs_12, lemuel_fruit_tree
Lair:2:   layout_big_grid, portal_ice_cave_entry_pillars_1,
          serial_bayou_shore_b, lemuel_fruit_fields
Lair:3:   layout_cellular_growth, skrybe_swamp_entry_bodies,
          spider_nest_entry_webs, dreamdust_mushroom_princess,
          minmay_stone_trees_medium, guppyfry_lair_drakes
Lair:4:   layout_gridlike, basic_altar, gammafunk_lair_bear_cave,
          infiniplex_staircase_pool_2
Lair:5:   due_jungle_book, layout_regular_city, slime_entry_1,
          grunt_forest_small_clearing_treed
Spider:1: layout_spider_delve
Spider:2: layout_spider_delve
Spider:3: layout_chambers, nicolae_spider_cling_halls
Spider:4: johnstein_spider_rune_arachne_lair, drop_trap
Orc:1:    layout_diamond_mine, mines2_david
Orc:2:    st_orc_ogre_mass, layout_caves

Skill      XL: |  1  2  3  4  5  6  7  8  9 10 11 12 13 14 15 16 17 |
---------------+----------------------------------------------------+-----
Ice Magic      | 5 6 7 8 10 11 12 13 14 15 | 15.6
Spellcasting   | 3 4 5 6 7 9 10 11 12 | 12.9
Polearms       | 1 3 4 7 9 11 12 13 15 16 | 16.0
Dodging        | 3 6 8 9 10 11 12 13 | 13.7
Fighting       | 2 4 6 7 8 9 10 11 | 11.3
Invocations    | 1 4 6 7 8 9 10 11 | 11.4
Armour         | 2 3 4 6 |  6.6
Shields        | 7 8 9 10 | 10.1
Stealth        | |  2.1

Action                     |  1- 3 |  4- 6 |  7- 9 | 10-12 | 13-15 | 16-18 || total
---------------------------+-------+-------+-------+-------+-------+-------++-------
  Melee: Club              |     2 |       |       |       |       |       ||     2
         Halberd           |       |    10 |   208 |   323 |   419 |       ||   960
         Spear             |       |       |       |    23 |   786 |  1082 ||  1891
         Punch             |       |       |       |     1 |       |       ||     1
         Tailslap          |       |       |       |       |     2 |       ||     2
  Throw: Dart              |       |     3 |     4 |    12 |     8 |     6 ||    33
         Javelin           |       |       |     3 |       |       |       ||     3
         Boomerang         |       |       |       |       |    41 |    64 ||   105
   Cast: Freeze            |    61 |    70 |    69 |    11 |     5 |    12 ||   228
         Frozen Ramparts   |       |     1 |    48 |    78 |   125 |   102 ||   354
         Ozocubu's Armour  |       |       |    33 |    66 |   102 |    76 ||   277
         Summon Ice Beast  |       |       |     5 |    52 |   118 |    97 ||   272
 Invoke: Upheaval          |       |       |       |     3 |     4 |       ||     7
         Elemental Force   |       |       |       |       |     2 |       ||     2
         Disaster Area     |       |       |       |       |     4 |     1 ||     5
  Evoke: Wand              |       |       |    38 |     2 |       |    26 ||    66
    Use: Potion            |     1 |       |     5 |       |     9 |    20 ||    35
         Scroll            |       |       |    11 |    10 |    10 |     8 ||    39
   Stab: Sleeping          |       |     1 |     1 |       |       |       ||     2
         Distracted        |       |       |       |     3 |     6 |     2 ||    11
         Confused          |       |       |       |       |       |    13 ||    13
         Paralysed         |       |       |       |       |       |     2 ||     2
 Armour: Robe              |     9 |     3 |   110 |   135 |       |       ||   257
         Troll leather arm |       |       |       |    12 |   322 |   346 ||   680
  Dodge: Dodged            |    30 |    35 |   130 |   184 |   522 |   554 ||  1455
         Repelled          |       |       |       |       |    12 |     4 ||    16
  Block: Other             |       |       |     6 |    49 |    93 |       ||   148
         Kite shield       |       |       |       |       |   646 |  1231 ||  1877

Table legend: (Time is in decaauts)
 A = Elapsed time spent in this place.
 B = Non-inter-level travel time spent in this place.
 C = Inter-level travel time spent in this place.
 D = Time resting spent in this place.
 E = Time spent auto-exploring this place.
 F = Levels seen in this place.
 G = Mean time per level.
                   A        B        C        D        E       F      G
               +--------+--------+--------+--------+--------+-----+--------+
         Total |  38779 |  35756 |   3023 |   2536 |  26717 |  28 | 1385.0 |
       Dungeon |  22412 |  20365 |   2047 |    691 |  16259 |  15 | 1494.1 |
        Temple |    123 |     74 |     49 |      0 |     22 |   1 |  123.0 |
          Lair |   7284 |   6829 |    455 |    605 |   5047 |   5 | 1456.8 |
   Spider Nest |   6224 |   5800 |    424 |    746 |   3854 |   4 | 1556.0 |
  Orcish Mines |   1697 |   1651 |     46 |    302 |   1018 |   2 |  848.5 |
      Ice Cave |   1037 |   1037 |      0 |    192 |    516 |   1 | 1037.0 |
               +--------+--------+--------+--------+--------+-----+--------+

Top non-repeatable levels by time:
Spider:3: 2799 daAuts
     D:7: 2487 daAuts
    D:12: 2258 daAuts
  Lair:5: 2089 daAuts
     D:5: 2046 daAuts
     D:6: 1928 daAuts
Spider:1: 1715 daAuts
Spider:2: 1634 daAuts
  Lair:3: 1506 daAuts
     D:4: 1503 daAuts
    D:15: 1473 daAuts
     D:9: 1325 daAuts
  Lair:1: 1305 daAuts
    D:11: 1257 daAuts
    D:10: 1249 daAuts
